 Dungeon Crawl Stone Soup version 0.31.0-32-g396128a36d (webtiles) character file.

Game seed: 14415005219774949957

4 chippings the Digger (level 1, 0/16 HPs)
             Began as a Draconian Wanderer on Apr 4, 2024.
             Slain by a goblin
             ... wielding a +0 club
              (1 damage)
             ... on level 1 of the Dungeon.
             The game lasted 00:00:33 (21 turns).

chippings the Digger (Draconian Wanderer)             Turns: 21, Time: 00:00:34

Health: 0/16       AC:  4    Str: 13    XL:     1   Next: 50%
Magic:  0/2        EV: 11    Int: 14    God:
Gold:   0          SH:  0    Dex:  9    Spells: 1/2 levels left

rFire   . . .        a - +0 club
rCold   . . .        (no shield)
rNeg    . . .        (body armour unavailable)
rPois   .            (helmet restricted)
rElec   .            (no cloak)
rCorr   .            (no gloves)
SInv    .            (no boots)
Will    .....        (no amulet)
Stlth   +            (no ring)
HPRegen 0.22/turn    (no ring)
MPRegen 0.08/turn

%: no passive effects
@: no status effects
A: AC +4, unfitting armour, cold-blooded
a: no special abilities


You were on level 1 of the Dungeon.
You visited 1 branch of the dungeon, and saw 1 of its levels.

Inventory:

Hand Weapons
 a - a +0 club (weapon)
Wands
 c - a wand of flame (3)
Scrolls
 b - a scroll of teleportation


   Skills:
 + Level 1.3 Fighting
 + Level 1.1 Spellcasting
 - Level 2.0 Translocations
 + Level 4.0 Earth Magic
 - Level 2.0 Evocations


You had one spell level left.
You knew the following spells:

 Your Spells              Type           Power      Damage    Failure   Level
a - Sandblast             Erth           24%        2d8       4%          1

Your spell library contained the following spells:

 Spells                   Type           Power      Damage    Failure   Level
 Apportation              Tloc           12%        N/A       12%         1
 Passwall                 Erth           12%        N/A       14%         3
 Gell's Gravitas          Tloc           6%         N/A       34%         3
 Petrify                  Alch/Erth      6%         N/A       75%         4


Dungeon Overview and Level Annotations

Branches:
Dungeon (1/15)

Altars:


Innate Abilities, Weirdness & Mutations

Your plain brown scales are hard. (AC +4)
You cannot fit into any form of body armour.
You are cold-blooded and may be slowed by cold attacks.


Message History

The goblin shouts!
The quokka bites you but does no damage.
The quokka misses you.
An endoplasm comes into view.
The goblin hits you with a +0 club.
You don't have enough magic to cast this spell.
You don't have enough magic to cast this spell.
Unknown command.
You closely miss the quokka.
The ball python hisses angrily.
The quokka completely misses you. The goblin misses you.
The quokka barely misses you.
You barely miss the goblin. The quokka misses you.
The goblin hits you but does no damage. The quokka barely misses you.
You hit the goblin but do no damage. The goblin hits you but does no damage.
The quokka barely misses you.
You hit the goblin but do no damage. The quokka barely misses you.
The quokka bites you.
You hit the goblin.
You kill the goblin!
The goblin barely misses you. The quokka barely misses you.
Aiming: Sandblast (safe; 4% risk of failure)
Press: ? - help, Q - select action, (/) - cycle Shift-Dir - straight line, f - ball python, p - quokka
Aim: a ball python (80% to hit)
The blast of sand hits the ball python.
You kill the ball python!
The quokka closely misses you. The goblin barely misses you.
The quokka barely misses you. The goblin barely misses you.
You hit the endoplasm.
You tail-slap the endoplasm, but do no damage.
The endoplasm is severely wounded.
The quokka bites you. The goblin hits you with a +0 club.
The endoplasm hits you. The quokka bites you.
* * * LOW HITPOINT WARNING * * *
You hit the endoplasm.
You kill the endoplasm!
The goblin barely misses you. The quokka bites you.
* * * LOW HITPOINT WARNING * * *
You hit the quokka but do no damage. The goblin hits you with a +0 club.
You die...

.........
.........
.#.......
..#.....##
.........# ..
.........#
............#
.........r)#
...~♣♣♣♣♣g@#
..~~≈♣♣≈♣)~#
♣♣~~~~~≈♣#
♣≈~~~~~≈♣
♣≈~~~~~♣♣
♣♣~~~~~≈♣
♣~~<~~≈♣
♣≈~~~~~≈♣
♣♣~~~~~≈♣


You could see a quokka and a goblin.

Vanquished Creatures
  An endoplasm (D:1)
  A ball python (D:1)
  2 goblins (D:1)
4 creatures vanquished.

Notes
Turn   | Place    | Note
-------+----------+-------------------------------------------
     0 | D:1      | chippings the Draconian Wanderer began the quest for the
                  | Orb.
     0 | D:1      | chippings set off with the following items: a +0 club, a
                  | scroll of teleportation, a wand of flame (4); and the
                  | following spells available to memorise: Sandblast,
                  | Apportation, Passwall, Gell's Gravitas, Petrify.
     0 | D:1      | Reached XP level 1. HP: 16/16 MP: 2/2
     2 | D:1      | Learned a level 1 spell: Sandblast
    21 | D:1      | Slain by a goblin

Illustrated notes

Levels and vault maps discovered:
D:1:      reono_arrival_forest_river, layout_rooms

Action                     || total
---------------------------++-------
  Melee: Club              ||     8
         Tailslap          ||     1
   Cast: Sandblast         ||     3
  Evoke: Wand              ||     1
 Armour: Skin              ||    11
  Dodge: Dodged            ||    15
